Map: [TLMC20] Persephone

Players

ByuN

  • Race: Terran Terran
  • Spawn Location: 7:00

LiquidCure (Cure) - Winner!

  • Race: Terran Terran
  • Spawn Location: 11:00

VOD

Have the link to the VOD?

Description

Time

  • Played on: April 21, 2025, 9:54 p.m.
  • Length: 2:43
Show
View Real Time Build Order
Export as new Build Order

ByuN Terran 

Build Orders: Reaper Expand 

Get SALT Encoding   

  12  0:00  SCV  
  13  0:12  SCV  
  14  0:16  Supply Depot  
  14  0:24  SCV  
  15  0:38  SCV  
  15  0:39  Barracks  
  15  0:42  Refinery  
  16  0:50  SCV  
  17  1:02  SCV  
  18  1:14  SCV  
  19  1:26  Reaper  
  19  1:27  Orbital Command  
  20  1:38  Command Center  
  20  1:48  Supply Depot  
  20  1:52  SCV  
  21  1:57  Marine  
  22  2:03  Factory  
  22  2:05  SCV  
  23  2:15  Bunker  
  23  2:16  Marine  
  23  2:19  SCV  
  22  2:31  SCV  
Show
View Real Time Build Order
Export as new Build Order

LiquidCure Terran - Winner!

Build Orders:  

Get SALT Encoding   

  12  0:00  SCV  
  13  0:12  Supply Depot  
  13  0:17  SCV  
  14  0:35  Barracks  
  14  0:39  Refinery  
  14  0:52  Barracks  
  15  0:57  SCV  
  15  1:09  SCV  
  16  1:22  Reaper, Orbital Command  
  17  1:30  Refinery  
  17  1:39  Reaper  
  18  1:48  SCV  
  18  1:52  Supply Depot  
  19  1:56  Reaper  
  19  2:00  SCV  
  21  2:11  Reaper  
  21  2:12  SCV  
  23  2:24  SCV  
Tags
 
Add a new tag
Caveats
  • Supply blocks, unpowered buildings, or Contaminate may cause inaccurate times.
  • Supply counts are checked every 10 seconds.